Capitals vs Maple Leafs

Created - 21 janvier 2020 at 19:43

Goals
1 2 3 T
Capitals 2 0 2 4
Maple Leafs 1 1 0 2
Shots
1 2 3 T
Capitals 10 17 15 42
Maple Leafs 18 9 7 34

1st period

1. Capitals , Darren Helm 9 (Oliver Ekman-Larsson 17, Henrik Lundqvist) at 10:58
2. Capitals , Jake Guentzel 11 (Elias Pettersson 14) at 13:13
3. Maple Leafs , Alex Iafallo 6 (Kaapo Kakko 5, Mattias Janmark 6) at 18:36

Penalties :
No Penalty

2nd period

4. Maple Leafs , Nikolaj Ehlers 12 (Jesper Bratt 9) at 18:50

Penalties :
Mattias Janmark (TOR) for Hooking (Minor) at 19:57

3rd period

5. Capitals , Riley Sheahan 2 (Zach Bogosian 4) at 7:53
6. Capitals , Brady Skjei 2 (Ian Cole 6) at 16:32 (PP)

Penalties :
Mike Hoffman (TOR) for Roughing (Minor) at 5:19, Kaapo Kakko (TOR) for Boarding (Minor) at 15:58

Goalie Stats

Henrik Lundqvist (WAS), 32 saves from 34 shots - (0,941), W, 15-16-6, 60:00 minutes
Anders Nilsson (TOR), 38 saves from 42 shots - (0,905), L, 8-9-2, 60:00 minutes

Players Stats for Capitals

Player Name              G  A  P  +/- PIM S  H  SB GA TA FO     MP     PP MP  PK MP  
------------------------------------------------------------------------------------
Anton Stralman           0  0  0   2  0   0  0  0  0  0  0/0    12:59   0:00   0:00 
Brady Skjei              1  0  1   0  0   2  2  0  0  0  0/0    19:26   1:52   0:00 
Brock Nelson             0  0  0   0  0   6  1  0  0  0  0/0    21:27   2:48   0:00 
Claude Giroux            0  0  0   0  0   6  1  0  1  0  21/36  22:03   2:48   0:00 
Damon Severson           0  0  0  -1  0   3  0  4  1  0  0/0    27:35   2:40   0:00 
Darren Helm              1  0  1   0  0   1  2  0  2  0  0/0    11:34   0:00   0:00 
Derek Grant              0  0  0   0  0   1  1  0  0  1  0/0     8:11   0:00   0:00 
Elias Pettersson         0  1  1   1  0   9  0  0  0  0  0/1    18:38   1:44   0:00 
Ian Cole                 0  1  1   0  0   0  0  2  0  0  0/0    19:26   1:52   0:00 
Jake Guentzel            1  0  1   1  0   2  1  2  0  0  8/16   18:38   1:44   0:00 
Joel Eriksson Ek         0  0  0   0  0   0  1  0  0  0  0/1     8:05   0:00   0:00 
Josh Bailey              0  0  0   1  0   2  0  0  1  0  0/1    18:38   1:44   0:00 
Oliver Ekman-Larsson     0  1  1  -1  0   3  0  2  1  2  0/0    27:35   2:40   0:00 
Riley Sheahan            1  0  1   0  0   2  2  0  0  0  3/4     8:11   0:00   0:00 
Tomas Tatar              0  0  0   0  0   4  1  0  3  0  0/1    21:27   2:48   0:00 
Tyler Pitlick            0  0  0   0  0   0  0  1  2  0  0/0    11:33   0:00   0:00 
Valtteri Filppula        0  0  0   0  0   0  1  0  1  1  2/5    11:35   0:00   0:00 
Zach Bogosian            0  1  1   2  0   1  1  3  0  1  0/0    12:59   0:00   0:00 

Players Stats for Maple Leafs

Player Name              G  A  P  +/- PIM S  H  SB GA TA FO     MP     PP MP  PK MP  
------------------------------------------------------------------------------------
Alex Iafallo             1  0  1   0  0   5  1  2  1  0  1/1    12:09   0:00   0:00 
Andrei Svechnikov        0  0  0   0  0   1  0  0  0  1  0/0     8:27   0:00   1:09 
Ben Hutton               0  0  0   1  0   1  0  4  0  2  0/0    27:40   0:00   2:34 
Bobby Ryan               0  0  0   1  0   1  0  0  1  0  6/12   16:08   0:00   1:02 
Dmitry Kulikov           0  0  0  -1  0   1  3  0  0  0  0/0    13:23   0:00   0:00 
Hampus Lindholm          0  0  0   1  0   1  0  3  0  1  0/0    27:40   0:00   2:34 
Ilya Kovalchuk           0  0  0  -1  0   4  1  0  1  1  1/2    20:56   0:00   0:24 
Jake Debrusk             0  0  0   0  0   2  0  0  0  0  0/0     7:05   0:00   0:00 
Jesper Bratt             0  1  1   0  0   4  1  0  0  2  0/0    16:20   0:00   0:27 
Kaapo Kakko              0  1  1  -1  2   2  0  0  0  0  0/0    14:21   0:00   1:22 
Logan Couture            0  0  0  -1  0   1  4  3  0  0  20/39  23:27   0:00   2:55 
Mattias Janmark          0  1  1   0  2   0  0  0  0  1  0/7    12:11   0:00   0:00 
Michael McCarron         0  0  0   0  0   1  0  0  0  0  1/2     6:38   0:00   0:00 
Mike Hoffman             0  0  0  -2  2   4  3  0  1  0  0/0    22:51   0:00   1:45 
Mikhail Sergachev        0  0  0  -1  0   1  0  0  1  2  0/0    18:57   0:00   1:58 
Nikolaj Ehlers           1  0  1   1  0   5  0  0  0  0  2/2    14:52   0:00   0:00 
Travis Dermott           0  0  0  -1  0   0  0  0  0  0  0/0    13:23   0:00   0:00 
Troy Stecher             0  0  0  -1  0   0  1  1  0  2  0/0    18:57   0:00   1:58 

3 Stars

1 - Jake Guentzel (WAS)
2 - Henrik Lundqvist (WAS)
3 - Zach Bogosian (WAS)

Power Play

Capitals - 1 on 3 Attempt(s) - 33,33%
Maple Leafs - 0 on 0 Attempt(s) - 0,00%

Penalty Kill

Capitals - 0 on 0 Attempt(s) - 0,00% - Score 0 goal in Penalty Kill
Maple Leafs - 2 on 3 Attempt(s) - 66,67% - Score 0 goal in Penalty Kill

Team Stat

Capitals - Hits : 14 - Faceoff Wins : 34 - Blocked Shots : 14 - Penalty Minutes : 0
Maple Leafs - Hits : 14 - Faceoff Wins : 31 - Blocked Shots : 13 - Penalty Minutes : 6

Official

Referees : Chris Rooney and Mike Leggo
Linesman : Brad Lazarowich and Ryan Gibbons

Game Notes

0:50 of 3rd period - Capitals goal is going for a video replay. After video review, No Goal. The net was displaced accidentally.

Finance

Level 1 -- Attendance: 3867 (64,45%) -- Ticket Income 425 370 $
Level 2 -- Attendance: 4118 (82,36%) -- Ticket Income 267 670 $
Level 3 -- Attendance: 1311 (65,55%) -- Ticket Income 58 995 $
Level 4 -- Attendance: 4000 (100,00%) -- Ticket Income 88 000 $
Luxury Box -- Attendance: 623 (62,30%) -- Ticket Income 140 175 $
Game was played at the Air Canada Center.
Total Attendance: 13919 (77,33%)
Total Ticket Income: 980 210 $
Other Income: 480 303 $
Total Income: 1 460 513 $

Capitals

5 vs 5 Forward 
   Center                   Left Wing                Right Wing               Time % Phy DF OF 
 1 Claude Giroux            Brock Nelson             Tomas Tatar              40     1   2  2  
 2 Jake Guentzel            Elias Pettersson         Josh Bailey              30     1   2  2  
 3 Valtteri Filppula        Darren Helm              Tyler Pitlick            20     1   2  2  
 4 Riley Sheahan            Joel Eriksson Ek         Derek Grant              10     1   2  2  

5 vs 5 Defense 
   Defense                  Defense                                           Time % Phy DF OF 
 1 Damon Severson           Oliver Ekman-Larsson                              40     1   2  2  
 2 Brady Skjei              Ian Cole                                          30     1   2  2  
 3 Anton Stralman           Zach Bogosian                                     20     1   2  2  
 4 Damon Severson           Oliver Ekman-Larsson                              10     1   2  2  

PowerPlay Forward 
   Center                   Left Wing                Right Wing               Time % Phy DF OF 
 1 Claude Giroux            Brock Nelson             Tomas Tatar              60     1   2  2  
 2 Jake Guentzel            Elias Pettersson         Josh Bailey              40     1   2  2  

PowerPlay Defense
   Defense                  Defense                                           Time % Phy DF OF 
 1 Damon Severson           Oliver Ekman-Larsson                              60     1   2  2  
 2 Brady Skjei              Ian Cole                                          40     1   2  2  

Penalty Kill 4 Players Forward 
   Center                   Wing                     Time % Phy DF OF 
 1 Claude Giroux            Brock Nelson             60     1   2  2  
 2 Jake Guentzel            Elias Pettersson         40     1   2  2  

Penalty Kill 4 Players Defense
   Defense                  Defense                  Time % Phy DF OF 
 1 Damon Severson           Oliver Ekman-Larsson     60     1   2  2  
 2 Brady Skjei              Ian Cole                 40     1   2  2  

Penalty Kill - 3 Players Forward 
   Forward                                           Time % Phy DF OF 
 1 Claude Giroux                                     60     1   2  2  
 2 Brock Nelson                                      40     1   2  2  

Penalty Kill - 3 Players Defense
   Defense                  Defense                  Time % Phy DF OF 
 1 Damon Severson           Oliver Ekman-Larsson     60     1   2  2  
 2 Brady Skjei              Ian Cole                 40     1   2  2  

4 vs 4 Forward 
   Center                   Wing                     Time % Phy DF OF 
 1 Claude Giroux            Brock Nelson             60     1   2  2  
 2 Jake Guentzel            Elias Pettersson         40     1   2  2  

4 vs 4 Defense
   Defense                  Defense                  Time % Phy DF OF 
 1 Damon Severson           Oliver Ekman-Larsson     60     1   2  2  
 2 Brady Skjei              Ian Cole                 40     1   2  2  

Last Minutes Offensive
   Center                   Left Wing                Right Wing               Defense                  Defense                  
   Claude Giroux            Brock Nelson             Tomas Tatar              Damon Severson           Oliver Ekman-Larsson     

Last Minutes Defensive
   Center                   Left Wing                Right Wing               Defense                  Defense                  
   Claude Giroux            Brock Nelson             Tomas Tatar              Damon Severson           Oliver Ekman-Larsson     

Goaltenders
Starting : Henrik Lundqvist         
Backup : Samuel Montembeault      

Extra Forwards
Normal : Derek Grant, Valtteri Filppula, Riley Sheahan - PP : Derek Grant, Valtteri Filppula - PK : Riley Sheahan
Extra Defensemen
Normal : Anton Stralman, Zach Bogosian, Brady Skjei - PP : Anton Stralman - PK : Zach Bogosian, Brady Skjei
Penalty Shots
Claude Giroux, Brock Nelson, Jake Guentzel, Elias Pettersson, Tomas Tatar
Custom OT Lines Forwards
Claude Giroux, Brock Nelson, Jake Guentzel, Elias Pettersson, Tomas Tatar, Josh Bailey, Valtteri Filppula, Riley Sheahan, Darren Helm, Tyler Pitlick
Custom OT Lines Defensemen
Damon Severson, Oliver Ekman-Larsson, Brady Skjei, Ian Cole, Anton Stralman

Scratches
Ben Chiarot (Healthy)

Maple Leafs

5 vs 5 Forward 
   Center                   Left Wing                Right Wing               Time % Phy DF OF 
 1 Logan Couture            Ilya Kovalchuk           Mike Hoffman             40     1   2  2  
 2 Bobby Ryan               Jesper Bratt             Nikolaj Ehlers           30     1   2  2  
 3 Mattias Janmark          Alex Iafallo             Kaapo Kakko              20     1   2  2  
 4 Michael McCarron         Jake Debrusk             Andrei Svechnikov        10     1   2  2  

5 vs 5 Defense 
   Defense                  Defense                                           Time % Phy DF OF 
 1 Hampus Lindholm          Ben Hutton                                        40     1   2  2  
 2 Mikhail Sergachev        Troy Stecher                                      30     1   2  2  
 3 Dmitry Kulikov           Travis Dermott                                    20     1   2  2  
 4 Hampus Lindholm          Ben Hutton                                        10     1   2  2  

PowerPlay Forward 
   Center                   Left Wing                Right Wing               Time % Phy DF OF 
 1 Logan Couture            Ilya Kovalchuk           Mike Hoffman             60     1   2  2  
 2 Bobby Ryan               Jesper Bratt             Nikolaj Ehlers           40     1   2  2  

PowerPlay Defense
   Defense                  Defense                                           Time % Phy DF OF 
 1 Hampus Lindholm          Ben Hutton                                        60     1   2  2  
 2 Mikhail Sergachev        Troy Stecher                                      40     1   2  2  

Penalty Kill 4 Players Forward 
   Center                   Wing                     Time % Phy DF OF 
 1 Logan Couture            Mike Hoffman             60     1   2  2  
 2 Ilya Kovalchuk           Bobby Ryan               40     1   2  2  

Penalty Kill 4 Players Defense
   Defense                  Defense                  Time % Phy DF OF 
 1 Hampus Lindholm          Ben Hutton               60     1   2  2  
 2 Mikhail Sergachev        Troy Stecher             40     1   2  2  

Penalty Kill - 3 Players Forward 
   Forward                                           Time % Phy DF OF 
 1 Logan Couture                                     60     1   2  2  
 2 Mike Hoffman                                      40     1   2  2  

Penalty Kill - 3 Players Defense
   Defense                  Defense                  Time % Phy DF OF 
 1 Hampus Lindholm          Ben Hutton               60     1   2  2  
 2 Mikhail Sergachev        Troy Stecher             40     1   2  2  

4 vs 4 Forward 
   Center                   Wing                     Time % Phy DF OF 
 1 Logan Couture            Mike Hoffman             60     1   2  2  
 2 Ilya Kovalchuk           Bobby Ryan               40     1   2  2  

4 vs 4 Defense
   Defense                  Defense                  Time % Phy DF OF 
 1 Hampus Lindholm          Ben Hutton               60     1   2  2  
 2 Mikhail Sergachev        Troy Stecher             40     1   2  2  

Last Minutes Offensive
   Center                   Left Wing                Right Wing               Defense                  Defense                  
   Logan Couture            Ilya Kovalchuk           Mike Hoffman             Hampus Lindholm          Ben Hutton               

Last Minutes Defensive
   Center                   Left Wing                Right Wing               Defense                  Defense                  
   Logan Couture            Ilya Kovalchuk           Mike Hoffman             Hampus Lindholm          Ben Hutton               

Goaltenders
Starting : Anders Nilsson           
Backup : Chris Driedger           

Extra Forwards
Normal : Alex Iafallo, Jake Debrusk, Kaapo Kakko - PP : Alex Iafallo, Jake Debrusk - PK : Kaapo Kakko
Extra Defensemen
Normal : Dmitry Kulikov, Hampus Lindholm, Mikhail Sergachev - PP : Dmitry Kulikov - PK : Ben Hutton, Mikhail Sergachev
Penalty Shots
Logan Couture, Mike Hoffman, Ilya Kovalchuk, Bobby Ryan, Jesper Bratt
Custom OT Lines Forwards
Logan Couture, Mike Hoffman, Ilya Kovalchuk, Bobby Ryan, Jesper Bratt, Alex Iafallo, Nikolaj Ehlers, Jake Debrusk, Kaapo Kakko, Andrei Svechnikov
Custom OT Lines Defensemen
Hampus Lindholm, Ben Hutton, Mikhail Sergachev, Troy Stecher, Dmitry Kulikov

Scratches
Blake Comeau (Healthy), Fredrik Claesson (Left Eye Injury), Petr Mrazek (Healthy)

% Time on Ice - Capitals

Lines # - Real PCT - Wanted PCT - Time Play
Normal Forward
1 - 34% - 40% - 18:39
2 - 32% - 30% - 17:46
3 - 20% - 20% - 11:21
4 - 14% - 10% - 7:42
Normal Defense
1 - 40% - 40% - 21:58
2 - 32% - 30% - 17:34
3 - 23% - 20% - 12:59
4 - 5% - 10% - 2:57
PP Forward
1 - 62% - 60% - 2:48
2 - 38% - 40% - 1:44
PP Defense
1 - 59% - 60% - 2:40
2 - 41% - 40% - 1:52
PK Forward
1 - 0% - 60%
2 - 0% - 40%
PK Defense
1 - 0% - 60%
2 - 0% - 40%
PK3 Forward
1 - 0% - 60%
2 - 0% - 40%
PK3 Defense
1 - 0% - 60%
2 - 0% - 40%
44 Forward
1 - 0% - 60%
2 - 0% - 40%
44 Defense
1 - 0% - 60%
2 - 0% - 40%
Last Minute Offensive  - 0:00
Last Minute Defensive  - 0:00
Total
Forward - 60:00
Defense - 60:00

% Time on Ice - Maple Leafs

Lines # - Real PCT - Wanted PCT - Time Play
Normal Forward
1 - 40% - 40% - 22:01
2 - 27% - 30% - 14:52
3 - 22% - 20% - 11:57
4 - 12% - 10% - 6:38
Normal Defense
1 - 39% - 40% - 21:27
2 - 31% - 30% - 16:59
3 - 24% - 20% - 13:23
4 - 7% - 10% - 3:39
PP Forward
1 - 0% - 60%
2 - 0% - 40%
PP Defense
1 - 0% - 60%
2 - 0% - 40%
PK Forward
1 - 91% - 60% - 4:08
2 - 9% - 40% - 0:24
PK Defense
1 - 57% - 60% - 2:34
2 - 43% - 40% - 1:58
PK3 Forward
1 - 0% - 60%
2 - 0% - 40%
PK3 Defense
1 - 0% - 60%
2 - 0% - 40%
44 Forward
1 - 0% - 60%
2 - 0% - 40%
44 Defense
1 - 0% - 60%
2 - 0% - 40%
Last Minute Offensive  - 0:00
Last Minute Defensive  - 0:00
Total
Forward - 60:00
Defense - 60:00

Play-by-Play

1st period


0:01 of 1st period - Claude Giroux wins face-off versus Logan Couture in neutral zone.
0:07 of 1st period - Off-side.
0:08 of 1st period - Claude Giroux wins face-off versus Logan Couture in neutral zone.
0:19 of 1st period - Wrist shot by Mike Hoffman.
0:19 of 1st period - Stopped by Henrik Lundqvist with a rebound.
0:21 of 1st period - Snap shot by Logan Couture.
0:21 of 1st period - Shot Misses the Net.
0:23 of 1st period - Slapshot by Hampus Lindholm.
0:23 of 1st period - Stopped by Henrik Lundqvist without a rebound.
0:24 of 1st period - Jake Guentzel wins face-off versus Bobby Ryan in Capitals zone.
0:28 of 1st period - Icing by Jake Guentzel.
0:29 of 1st period - Nikolaj Ehlers wins face-off versus Josh Bailey in Capitals zone.
1:27 of 1st period - Snap shot by Michael McCarron.
1:27 of 1st period - Deflect By Joel Eriksson Ek.
1:27 of 1st period - Stopped by Henrik Lundqvist without a rebound.
1:28 of 1st period - Claude Giroux wins face-off versus Logan Couture in Capitals zone.
1:58 of 1st period - Snap shot by Nikolaj Ehlers.
1:58 of 1st period - Stopped by Henrik Lundqvist with a rebound.
2:24 of 1st period - Snap shot by Alex Iafallo.
2:24 of 1st period - Stopped by Henrik Lundqvist without a rebound.
2:25 of 1st period - Claude Giroux wins face-off versus Mattias Janmark in Capitals zone.
2:30 of 1st period - Mattias Janmark is hit by Brock Nelson and loses puck.
3:41 of 1st period - Wrist shot by Jake Debrusk.
3:41 of 1st period - Stopped by Henrik Lundqvist without a rebound.
3:42 of 1st period - Logan Couture wins face-off versus Claude Giroux in Capitals zone.
3:45 of 1st period - Wrist shot by Logan Couture.
3:45 of 1st period - Shot Misses the Net.
3:59 of 1st period - Brady Skjei is hit by Mike Hoffman and loses puck.
4:24 of 1st period - Snap shot by Nikolaj Ehlers.
4:24 of 1st period - Stopped by Henrik Lundqvist with a rebound.
4:54 of 1st period - Backhand shot by Kaapo Kakko.
4:54 of 1st period - Stopped by Henrik Lundqvist with a rebound.
4:58 of 1st period - Wrist shot by Kaapo Kakko.
4:58 of 1st period - Stopped by Henrik Lundqvist with a rebound.
5:00 of 1st period - Slapshot by Troy Stecher.
5:00 of 1st period - Deflect By Kaapo Kakko.
5:00 of 1st period - Shot Misses the Net.
5:00 of 1st period - Puck is out of play.
5:01 of 1st period - Logan Couture wins face-off versus Claude Giroux in Capitals zone.
5:06 of 1st period - Wrist shot by Logan Couture.
5:06 of 1st period - Shot Misses the Net.
5:12 of 1st period - Logan Couture is hit by Tomas Tatar and loses puck.
6:19 of 1st period - Snap shot by Joel Eriksson Ek.
6:19 of 1st period - Shot Misses the Net.
6:21 of 1st period - Wrist shot by Damon Severson.
6:21 of 1st period - Shot Blocked by Hampus Lindholm.
7:03 of 1st period - Snap shot by Nikolaj Ehlers.
7:03 of 1st period - Stopped by Henrik Lundqvist with a rebound.
7:05 of 1st period - Snap shot by Bobby Ryan.
7:05 of 1st period - Shot Blocked by Damon Severson.
7:07 of 1st period - Wrist shot by Jesper Bratt.
7:07 of 1st period - Stopped by Henrik Lundqvist without a rebound.
7:08 of 1st period - Claude Giroux wins face-off versus Mattias Janmark in Capitals zone.
7:15 of 1st period - Zach Bogosian is hit by Alex Iafallo and loses puck.
7:33 of 1st period - Travis Dermott is hit by Zach Bogosian and loses puck.
8:22 of 1st period - Off-side.
8:23 of 1st period - Michael McCarron wins face-off versus Joel Eriksson Ek in neutral zone.
8:38 of 1st period - Snap shot by Jake Debrusk.
8:38 of 1st period - Shot Misses the Net.
8:44 of 1st period - Wrist shot by Derek Grant.
8:44 of 1st period - Stopped by Anders Nilsson with a rebound.
8:46 of 1st period - Snap shot by Derek Grant.
8:46 of 1st period - Deflect By Mikhail Sergachev.
8:46 of 1st period - Shot Blocked by Troy Stecher.
8:46 of 1st period - Puck is out of play.
8:47 of 1st period - Claude Giroux wins face-off versus Logan Couture in Maple Leafs zone.
9:09 of 1st period - Icing by Claude Giroux.
9:10 of 1st period - Bobby Ryan wins face-off versus Claude Giroux in Capitals zone.
9:35 of 1st period - Jake Guentzel is hit by Logan Couture and loses puck.
10:06 of 1st period - Wrist shot by Alex Iafallo.
10:06 of 1st period - Stopped by Henrik Lundqvist without a rebound.
10:07 of 1st period - Claude Giroux wins face-off versus Bobby Ryan in Capitals zone.
10:34 of 1st period - Logan Couture is hit by Darren Helm.
10:58 of 1st period - Slapshot by Darren Helm.
10:58 of 1st period - Goal by Darren Helm - Capitals : 1 - Maple Leafs : 0.
10:59 of 1st period - Claude Giroux wins face-off versus Logan Couture in neutral zone.
11:02 of 1st period - Snap shot by Brock Nelson.
11:02 of 1st period - Stopped by Anders Nilsson with a rebound.
11:04 of 1st period - Snap shot by Claude Giroux.
11:04 of 1st period - Shot Misses the Net.
11:06 of 1st period - Slapshot by Damon Severson.
11:06 of 1st period - Shot Misses the Net.
11:12 of 1st period - Slapshot by Tomas Tatar.
11:12 of 1st period - Stopped by Anders Nilsson with a rebound.
12:02 of 1st period - Snap shot by Claude Giroux.
12:02 of 1st period - Stopped by Anders Nilsson with a rebound.
12:04 of 1st period - Slapshot by Brock Nelson.
12:04 of 1st period - Shot Misses the Net.
12:22 of 1st period - Slapshot by Brock Nelson.
12:22 of 1st period - Shot Blocked by Hampus Lindholm.
12:26 of 1st period - Snap shot by Claude Giroux.
12:26 of 1st period - Shot Misses the Net.
12:28 of 1st period - Slapshot by Claude Giroux.
12:28 of 1st period - Shot Misses the Net.
12:30 of 1st period - Slapshot by Damon Severson.
12:30 of 1st period - Shot Misses the Net.
12:32 of 1st period - Slapshot by Damon Severson.
12:32 of 1st period - Stopped by Anders Nilsson with a rebound.
13:05 of 1st period - Snap shot by Claude Giroux.
13:05 of 1st period - Shot Misses the Net.
13:07 of 1st period - Slapshot by Oliver Ekman-Larsson.
13:07 of 1st period - Stopped by Anders Nilsson with a rebound.
13:09 of 1st period - Snap shot by Brock Nelson.
13:09 of 1st period - Stopped by Anders Nilsson without a rebound.
13:10 of 1st period - Jake Guentzel wins face-off versus Logan Couture in Maple Leafs zone.
13:13 of 1st period - Snap shot by Jake Guentzel.
13:13 of 1st period - Goal by Jake Guentzel - Capitals : 2 - Maple Leafs : 0.
13:14 of 1st period - Logan Couture wins face-off versus Jake Guentzel in neutral zone.
13:29 of 1st period - Wrist shot by Logan Couture.
13:29 of 1st period - Shot Blocked by Ian Cole.
14:36 of 1st period - Wrist shot by Tyler Pitlick.
14:36 of 1st period - Shot Blocked by Alex Iafallo.
14:38 of 1st period - Snap shot by Tyler Pitlick.
14:38 of 1st period - Shot Misses the Net.
14:40 of 1st period - Wrist shot by Darren Helm.
14:40 of 1st period - Shot Misses the Net.
14:42 of 1st period - Wrist shot by Brady Skjei.
14:42 of 1st period - Shot Blocked by Alex Iafallo.
14:44 of 1st period - Slapshot by Brady Skjei.
14:44 of 1st period - Stopped by Anders Nilsson without a rebound.
14:45 of 1st period - Logan Couture wins face-off versus Jake Guentzel in Maple Leafs zone.
14:54 of 1st period - Snap shot by Mike Hoffman.
14:54 of 1st period - Stopped by Henrik Lundqvist with a rebound.
14:56 of 1st period - Slapshot by Ilya Kovalchuk.
14:56 of 1st period - Stopped by Henrik Lundqvist with a rebound.
14:58 of 1st period - Wrist shot by Mike Hoffman.
14:58 of 1st period - Shot Blocked by Zach Bogosian.
15:00 of 1st period - Slapshot by Travis Dermott.
15:00 of 1st period - Shot Blocked by Zach Bogosian.
15:12 of 1st period - Jake Debrusk is hit by Riley Sheahan and loses puck.
16:41 of 1st period - Jesper Bratt is hit by Brady Skjei.
17:13 of 1st period - Backhand shot by Logan Couture.
17:13 of 1st period - Stopped by Henrik Lundqvist without a rebound.
17:14 of 1st period - Logan Couture wins face-off versus Jake Guentzel in Capitals zone.
18:26 of 1st period - Off-side.
18:27 of 1st period - Riley Sheahan wins face-off versus Mattias Janmark in neutral zone.
18:36 of 1st period - Snap shot by Alex Iafallo.
18:36 of 1st period - Goal by Alex Iafallo - Capitals : 2 - Maple Leafs : 1.
18:37 of 1st period - Logan Couture wins face-off versus Jake Guentzel in neutral zone.
19:48 of 1st period - Snap shot by Jake Debrusk.
19:48 of 1st period - Stopped by Henrik Lundqvist without a rebound.
19:49 of 1st period - Ilya Kovalchuk wins face-off versus Riley Sheahan in Capitals zone.
19:54 of 1st period - Wrist shot by Mike Hoffman.
19:54 of 1st period - Shot Misses the Net.
19:56 of 1st period - Slapshot by Mikhail Sergachev.
19:56 of 1st period - Stopped by Henrik Lundqvist without a rebound.
19:57 of 1st period - Logan Couture wins face-off versus Tomas Tatar in Capitals zone.
Goals for this period are 2 for Capitals vs 1 for Maple Leafs.
Shots for this period are 10 for Capitals vs 18 for Maple Leafs.

2nd period


0:01 of 2nd period - Claude Giroux wins face-off versus Logan Couture in neutral zone.
0:58 of 2nd period - Snap shot by Andrei Svechnikov.
0:58 of 2nd period - Stopped by Henrik Lundqvist without a rebound.
0:59 of 2nd period - Claude Giroux wins face-off versus Logan Couture in Capitals zone.
1:08 of 2nd period - Snap shot by Tomas Tatar.
1:08 of 2nd period - Deflect By Claude Giroux.
1:08 of 2nd period - Shot Misses the Net.
1:08 of 2nd period - Puck is out of play.
1:09 of 2nd period - Logan Couture wins face-off versus Claude Giroux in Maple Leafs zone.
1:20 of 2nd period - Brady Skjei is hit by Mike Hoffman and loses puck.
2:03 of 2nd period - Wrist shot by Claude Giroux.
2:03 of 2nd period - Stopped by Anders Nilsson without a rebound.
2:04 of 2nd period - Bobby Ryan wins face-off versus Jake Guentzel in Maple Leafs zone.
2:17 of 2nd period - Wrist shot by Jesper Bratt.
2:17 of 2nd period - Shot Misses the Net.
2:19 of 2nd period - Slapshot by Ben Hutton.
2:19 of 2nd period - Stopped by Henrik Lundqvist without a rebound.
2:20 of 2nd period - Valtteri Filppula wins face-off versus Mattias Janmark in Capitals zone.
2:29 of 2nd period - Snap shot by Darren Helm.
2:29 of 2nd period - Shot Blocked by Hampus Lindholm.
3:12 of 2nd period - Andrei Svechnikov is hit by Joel Eriksson Ek and loses puck.
3:19 of 2nd period - Dmitry Kulikov is hit by Riley Sheahan.
3:39 of 2nd period - Logan Couture is hit by Brady Skjei and loses puck.
3:59 of 2nd period - Icing by Brady Skjei.
4:00 of 2nd period - Nikolaj Ehlers wins face-off versus Valtteri Filppula in Capitals zone.
4:01 of 2nd period - Snap shot by Jesper Bratt.
4:01 of 2nd period - Stopped by Henrik Lundqvist with a rebound.
4:31 of 2nd period - Snap shot by Elias Pettersson.
4:31 of 2nd period - Shot Misses the Net.
4:33 of 2nd period - Snap shot by Jake Guentzel.
4:33 of 2nd period - Shot Misses the Net.
4:35 of 2nd period - Snap shot by Jake Guentzel.
4:35 of 2nd period - Deflect By Elias Pettersson.
4:35 of 2nd period - Stopped by Anders Nilsson with a rebound.
4:37 of 2nd period - Slapshot by Brady Skjei.
4:37 of 2nd period - Shot Misses the Net.
4:47 of 2nd period - Wrist shot by Kaapo Kakko.
4:47 of 2nd period - Shot Misses the Net.
6:46 of 2nd period - Icing by Ian Cole.
6:47 of 2nd period - Riley Sheahan wins face-off versus Bobby Ryan in Capitals zone.
7:02 of 2nd period - Slapshot by Jesper Bratt.
7:02 of 2nd period - Stopped by Henrik Lundqvist with a rebound.
7:27 of 2nd period - Brock Nelson is hit by Ilya Kovalchuk.
8:48 of 2nd period - Snap shot by Claude Giroux.
8:48 of 2nd period - Stopped by Anders Nilsson without a rebound.
8:49 of 2nd period - Logan Couture wins face-off versus Claude Giroux in Maple Leafs zone.
8:56 of 2nd period - Snap shot by Brock Nelson.
8:56 of 2nd period - Stopped by Anders Nilsson with a rebound.
8:58 of 2nd period - Snap shot by Damon Severson.
8:58 of 2nd period - Stopped by Anders Nilsson without a rebound.
8:59 of 2nd period - Claude Giroux wins face-off versus Logan Couture in Maple Leafs zone.
9:08 of 2nd period - Snap shot by Mike Hoffman.
9:08 of 2nd period - Shot Blocked by Damon Severson.
9:20 of 2nd period - Oliver Ekman-Larsson is hit by Dmitry Kulikov and loses puck.
9:31 of 2nd period - Snap shot by Tomas Tatar.
9:31 of 2nd period - Stopped by Anders Nilsson without a rebound.
9:32 of 2nd period - Bobby Ryan wins face-off versus Jake Guentzel in Maple Leafs zone.
10:03 of 2nd period - Wrist shot by Alex Iafallo.
10:03 of 2nd period - Stopped by Henrik Lundqvist without a rebound.
10:04 of 2nd period - Claude Giroux wins face-off versus Mattias Janmark in Capitals zone.
10:38 of 2nd period - Snap shot by Jake Guentzel.
10:38 of 2nd period - Shot Misses the Net.
10:40 of 2nd period - Wrist shot by Josh Bailey.
10:40 of 2nd period - Stopped by Anders Nilsson with a rebound.
10:42 of 2nd period - Backhand shot by Jake Guentzel.
10:42 of 2nd period - Stopped by Anders Nilsson with a rebound.
10:44 of 2nd period - Slapshot by Josh Bailey.
10:44 of 2nd period - Shot Misses the Net.
10:46 of 2nd period - Snap shot by Elias Pettersson.
10:46 of 2nd period - Stopped by Anders Nilsson with a rebound.
12:26 of 2nd period - Snap shot by Elias Pettersson.
12:26 of 2nd period - Stopped by Anders Nilsson with a rebound.
12:28 of 2nd period - Snap shot by Elias Pettersson.
12:28 of 2nd period - Stopped by Anders Nilsson without a rebound.
12:29 of 2nd period - Claude Giroux wins face-off versus Logan Couture in Maple Leafs zone.
12:54 of 2nd period - Nikolaj Ehlers is hit by Darren Helm and loses puck.
13:03 of 2nd period - Snap shot by Darren Helm.
13:03 of 2nd period - Shot Misses the Net.
13:09 of 2nd period - Brady Skjei is hit by Dmitry Kulikov and loses puck.
13:20 of 2nd period - Kaapo Kakko is hit by Derek Grant and loses puck.
13:41 of 2nd period - Snap shot by Jake Guentzel.
13:41 of 2nd period - Shot Blocked by Ben Hutton.
13:58 of 2nd period - Icing by Mike Hoffman.
13:59 of 2nd period - Claude Giroux wins face-off versus Michael McCarron in Maple Leafs zone.
14:50 of 2nd period - Slapshot by Ilya Kovalchuk.
14:50 of 2nd period - Stopped by Henrik Lundqvist with a rebound.
15:20 of 2nd period - Elias Pettersson is hit by Jesper Bratt and loses puck.
15:37 of 2nd period - Wrist shot by Elias Pettersson.
15:37 of 2nd period - Stopped by Anders Nilsson without a rebound.
15:38 of 2nd period - Logan Couture wins face-off versus Valtteri Filppula in Maple Leafs zone.
15:45 of 2nd period - Slapshot by Mike Hoffman.
15:45 of 2nd period - Stopped by Henrik Lundqvist with a rebound.
15:47 of 2nd period - Snap shot by Mike Hoffman.
15:47 of 2nd period - Shot Blocked by Ian Cole.
16:22 of 2nd period - Snap shot by Joel Eriksson Ek.
16:22 of 2nd period - Shot Misses the Net.
16:24 of 2nd period - Slapshot by Zach Bogosian.
16:24 of 2nd period - Shot Misses the Net.
16:26 of 2nd period - Slapshot by Zach Bogosian.
16:26 of 2nd period - Stopped by Anders Nilsson with a rebound.
16:50 of 2nd period - Snap shot by Jake Debrusk.
16:50 of 2nd period - Shot Blocked by Tyler Pitlick.
17:10 of 2nd period - Wrist shot by Logan Couture.
17:10 of 2nd period - Shot Blocked by Zach Bogosian.
17:57 of 2nd period - Icing by Derek Grant.
17:58 of 2nd period - Riley Sheahan wins face-off versus Logan Couture in Capitals zone.
17:58 of 2nd period - Riley Sheahan is hit by Mike Hoffman.
18:08 of 2nd period - Wrist shot by Riley Sheahan.
18:08 of 2nd period - Stopped by Anders Nilsson without a rebound.
18:09 of 2nd period - Claude Giroux wins face-off versus Logan Couture in Maple Leafs zone.
18:12 of 2nd period - Wrist shot by Claude Giroux.
18:12 of 2nd period - Stopped by Anders Nilsson with a rebound.
18:14 of 2nd period - Slapshot by Oliver Ekman-Larsson.
18:14 of 2nd period - Stopped by Anders Nilsson without a rebound.
18:15 of 2nd period - Claude Giroux wins face-off versus Logan Couture in Maple Leafs zone.
18:18 of 2nd period - Snap shot by Claude Giroux.
18:18 of 2nd period - Deflect By Tomas Tatar.
18:18 of 2nd period - Shot Blocked by Logan Couture.
18:18 of 2nd period - Puck is out of play.
18:19 of 2nd period - Logan Couture wins face-off versus Claude Giroux in Maple Leafs zone.
18:28 of 2nd period - Snap shot by Claude Giroux.
18:28 of 2nd period - Shot Misses the Net.
18:34 of 2nd period - Wrist shot by Claude Giroux.
18:34 of 2nd period - Stopped by Anders Nilsson without a rebound.
18:35 of 2nd period - Jake Guentzel wins face-off versus Bobby Ryan in Maple Leafs zone.
18:48 of 2nd period - Wrist shot by Jesper Bratt.
18:48 of 2nd period - Shot Blocked by Oliver Ekman-Larsson.
18:50 of 2nd period - Snap shot by Nikolaj Ehlers.
18:50 of 2nd period - Goal by Nikolaj Ehlers - Capitals : 2 - Maple Leafs : 2.
18:51 of 2nd period - Logan Couture wins face-off versus Claude Giroux in neutral zone.
18:56 of 2nd period - Wrist shot by Ilya Kovalchuk.
18:56 of 2nd period - Deflect By Claude Giroux.
18:56 of 2nd period - Stopped by Henrik Lundqvist without a rebound.
18:57 of 2nd period - Logan Couture wins face-off versus Claude Giroux in Capitals zone.
19:57 of 2nd period - Minor Penalty to Mattias Janmark for Hooking.
19:58 of 2nd period - Logan Couture wins face-off versus Claude Giroux in Maple Leafs zone.
Goals for this period are 0 for Capitals vs 1 for Maple Leafs.
Shots for this period are 17 for Capitals vs 9 for Maple Leafs.

3rd period


0:01 of 3rd period - Logan Couture wins face-off versus Claude Giroux in neutral zone.
0:06 of 3rd period - Wrist shot by Mike Hoffman.
0:06 of 3rd period - Stopped by Henrik Lundqvist without a rebound.
0:07 of 3rd period - Claude Giroux wins face-off versus Logan Couture in Capitals zone.
0:32 of 3rd period - Slapshot by Oliver Ekman-Larsson.
0:32 of 3rd period - Shot Misses the Net.
0:34 of 3rd period - Slapshot by Damon Severson.
0:34 of 3rd period - Shot Misses the Net.
0:36 of 3rd period - Slapshot by Tomas Tatar.
0:36 of 3rd period - Shot Blocked by Ben Hutton.
0:38 of 3rd period - Wrist shot by Brock Nelson.
0:38 of 3rd period - Stopped by Anders Nilsson with a rebound.
0:42 of 3rd period - Slapshot by Claude Giroux.
0:42 of 3rd period - Shot Blocked by Ben Hutton.
0:44 of 3rd period - Backhand shot by Claude Giroux.
0:44 of 3rd period - Stopped by Anders Nilsson with a rebound.
0:46 of 3rd period - Wrist shot by Brock Nelson.
0:46 of 3rd period - Shot Blocked by Logan Couture.
0:48 of 3rd period - Slapshot by Oliver Ekman-Larsson.
0:48 of 3rd period - Shot Misses the Net.
0:50 of 3rd period - Wrist shot by Damon Severson.
0:50 of 3rd period - Capitals goal is going for a video replay.
0:50 of 3rd period - The goal is refused. The net was displaced accidentally..
0:51 of 3rd period - Logan Couture wins face-off versus Elias Pettersson in Maple Leafs zone.
1:02 of 3rd period - Elias Pettersson is hit by Logan Couture and loses puck.
1:57 of 3rd period - Penalty to Mattias Janmark is over, Mattias Janmark is back on ice.
2:50 of 3rd period - Backhand shot by Jesper Bratt.
2:50 of 3rd period - Stopped by Henrik Lundqvist with a rebound.
2:52 of 3rd period - Wrist shot by Bobby Ryan.
2:52 of 3rd period - Shot Misses the Net.
3:16 of 3rd period - Icing by Alex Iafallo.
3:17 of 3rd period - Jake Guentzel wins face-off versus Mattias Janmark in Maple Leafs zone.
4:43 of 3rd period - Snap shot by Hampus Lindholm.
4:43 of 3rd period - Shot Blocked by Damon Severson.
5:11 of 3rd period - Wrist shot by Claude Giroux.
5:11 of 3rd period - Shot Misses the Net.
5:13 of 3rd period - Wrist shot by Brock Nelson.
5:13 of 3rd period - Shot Misses the Net.
5:19 of 3rd period - Minor Penalty to Mike Hoffman for Roughing.
5:20 of 3rd period - Logan Couture wins face-off versus Claude Giroux in Maple Leafs zone.
5:33 of 3rd period - Wrist shot by Tomas Tatar.
5:33 of 3rd period - Stopped by Anders Nilsson without a rebound.
5:34 of 3rd period - Claude Giroux wins face-off versus Logan Couture in Maple Leafs zone.
6:19 of 3rd period - Backhand shot by Mikhail Sergachev.
6:19 of 3rd period - Shot Blocked by Oliver Ekman-Larsson.
6:21 of 3rd period - Snap shot by Bobby Ryan.
6:21 of 3rd period - Stopped by Henrik Lundqvist with a rebound.
7:19 of 3rd period - Penalty to Mike Hoffman is over, Mike Hoffman is back on ice.
7:27 of 3rd period - Snap shot by Jesper Bratt.
7:27 of 3rd period - Shot Misses the Net.
7:53 of 3rd period - Snap shot by Riley Sheahan.
7:53 of 3rd period - Goal by Riley Sheahan - Capitals : 3 - Maple Leafs : 2.
7:54 of 3rd period - Claude Giroux wins face-off versus Logan Couture in neutral zone.
8:03 of 3rd period - Wrist shot by Claude Giroux.
8:03 of 3rd period - Shot Misses the Net.
8:05 of 3rd period - Wrist shot by Brock Nelson.
8:05 of 3rd period - Stopped by Anders Nilsson with a rebound.
8:10 of 3rd period - Icing by Ben Hutton.
8:11 of 3rd period - Jake Guentzel wins face-off versus Logan Couture in Maple Leafs zone.
9:10 of 3rd period - Backhand shot by Alex Iafallo.
9:10 of 3rd period - Stopped by Henrik Lundqvist without a rebound.
9:11 of 3rd period - Jake Guentzel wins face-off versus Ilya Kovalchuk in Capitals zone.
9:11 of 3rd period - Jake Guentzel is hit by Logan Couture.
9:25 of 3rd period - Mikhail Sergachev is hit by Jake Guentzel and loses puck.
9:50 of 3rd period - Wrist shot by Ilya Kovalchuk.
9:50 of 3rd period - Stopped by Henrik Lundqvist without a rebound.
9:51 of 3rd period - Bobby Ryan wins face-off versus Claude Giroux in Capitals zone.
10:23 of 3rd period - Slapshot by Elias Pettersson.
10:23 of 3rd period - Stopped by Anders Nilsson without a rebound.
10:24 of 3rd period - Logan Couture wins face-off versus Jake Guentzel in Maple Leafs zone.
10:33 of 3rd period - Slapshot by Elias Pettersson.
10:33 of 3rd period - Stopped by Anders Nilsson without a rebound.
10:34 of 3rd period - Logan Couture wins face-off versus Jake Guentzel in Maple Leafs zone.
11:00 of 3rd period - Icing by Elias Pettersson.
11:01 of 3rd period - Jake Guentzel wins face-off versus Bobby Ryan in Capitals zone.
11:08 of 3rd period - Snap shot by Josh Bailey.
11:08 of 3rd period - Stopped by Anders Nilsson without a rebound.
11:09 of 3rd period - Bobby Ryan wins face-off versus Claude Giroux in Maple Leafs zone.
11:18 of 3rd period - Slapshot by Nikolaj Ehlers.
11:18 of 3rd period - Stopped by Henrik Lundqvist without a rebound.
11:19 of 3rd period - Claude Giroux wins face-off versus Logan Couture in Capitals zone.
11:36 of 3rd period - Icing by Claude Giroux.
11:37 of 3rd period - Bobby Ryan wins face-off versus Claude Giroux in Capitals zone.
12:16 of 3rd period - Wrist shot by Elias Pettersson.
12:16 of 3rd period - Stopped by Anders Nilsson with a rebound.
12:18 of 3rd period - Slapshot by Oliver Ekman-Larsson.
12:18 of 3rd period - Deflect By Elias Pettersson.
12:18 of 3rd period - Stopped by Anders Nilsson without a rebound.
12:19 of 3rd period - Valtteri Filppula wins face-off versus Mattias Janmark in Maple Leafs zone.
12:51 of 3rd period - Tomas Tatar is hit by Dmitry Kulikov and loses puck.
13:07 of 3rd period - Off-side.
13:08 of 3rd period - Jake Guentzel wins face-off versus Bobby Ryan in neutral zone.
13:23 of 3rd period - Wrist shot by Jesper Bratt.
13:23 of 3rd period - Shot Blocked by Jake Guentzel.
14:22 of 3rd period - Snap shot by Derek Grant.
14:22 of 3rd period - Shot Blocked by Ben Hutton.
15:02 of 3rd period - Snap shot by Tomas Tatar.
15:02 of 3rd period - Shot Misses the Net.
15:04 of 3rd period - Wrist shot by Brock Nelson.
15:04 of 3rd period - Stopped by Anders Nilsson with a rebound.
15:06 of 3rd period - Wrist shot by Claude Giroux.
15:06 of 3rd period - Shot Hit the Post.
15:08 of 3rd period - Snap shot by Tomas Tatar.
15:08 of 3rd period - Shot Misses the Net.
15:18 of 3rd period - Slapshot by Andrei Svechnikov.
15:18 of 3rd period - Shot Misses the Net.
15:48 of 3rd period - Wrist shot by Elias Pettersson.
15:48 of 3rd period - Shot Misses the Net.
15:58 of 3rd period - Minor Penalty to Kaapo Kakko for Boarding.
15:59 of 3rd period - Logan Couture wins face-off versus Claude Giroux in Maple Leafs zone.
15:59 of 3rd period - Logan Couture is hit by Claude Giroux.
16:25 of 3rd period - Ian Cole is hit by Logan Couture and loses puck.
16:32 of 3rd period - Backhand shot by Brady Skjei.
16:32 of 3rd period - Goal by Brady Skjei - Capitals : 4 - Maple Leafs : 2.
16:33 of 3rd period - Claude Giroux wins face-off versus Logan Couture in neutral zone.
16:40 of 3rd period - Snap shot by Tomas Tatar.
16:40 of 3rd period - Stopped by Anders Nilsson with a rebound.
17:33 of 3rd period - Wrist shot by Ilya Kovalchuk.
17:33 of 3rd period - Shot Blocked by Damon Severson.
17:35 of 3rd period - Wrist shot by Logan Couture.
17:35 of 3rd period - Shot Misses the Net.
17:37 of 3rd period - Wrist shot by Mike Hoffman.
17:37 of 3rd period - Shot Misses the Net.
17:39 of 3rd period - Slapshot by Dmitry Kulikov.
17:39 of 3rd period - Deflect By Damon Severson.
17:39 of 3rd period - Stopped by Henrik Lundqvist with a rebound.
18:14 of 3rd period - Snap shot by Ilya Kovalchuk.
18:14 of 3rd period - Shot Blocked by Jake Guentzel.
18:28 of 3rd period - Wrist shot by Logan Couture.
18:28 of 3rd period - Shot Misses the Net.
18:42 of 3rd period - Wrist shot by Josh Bailey.
18:42 of 3rd period - Shot Blocked by Logan Couture.
18:44 of 3rd period - Slapshot by Oliver Ekman-Larsson.
18:44 of 3rd period - Stopped by Anders Nilsson with a rebound.
18:46 of 3rd period - Snap shot by Elias Pettersson.
18:46 of 3rd period - Deflect By Jake Guentzel.
18:46 of 3rd period - Deflect By Mike Hoffman.
18:46 of 3rd period - Shot Misses the Net.
18:46 of 3rd period - Puck is out of play.
18:47 of 3rd period - Alex Iafallo wins face-off versus Valtteri Filppula in Maple Leafs zone.
18:47 of 3rd period - Alex Iafallo is hit by Valtteri Filppula.
19:48 of 3rd period - Zach Bogosian is hit by Troy Stecher and loses puck.
Goals for this period are 2 for Capitals vs 0 for Maple Leafs.
Shots for this period are 15 for Capitals vs 7 for Maple Leafs.